 Dungeon Crawl Stone Soup version 0.30-a0-331-g8ab09dc110 (webtiles) character file.

Game seed: 17214694766459043993

3263 p00ps00p the Fighter (level 9, -1/82 HPs)
             Began as a Demonspawn Fighter on Oct 30, 2022.
             Was an Initiate of Gozag.
             Killed by divine providence
             ... invoked by an orc priest
              (14 damage)
             ... on level 8 of the Dungeon.
             The game lasted 00:19:26 (8667 turns).

p00ps00p the Fighter (Demonspawn Fighter)           Turns: 8667, Time: 00:19:27

Health: -1/82      AC: 21    Str: 18    XL:     9   Next: 68%
Magic:  9/9        EV: 12    Int:  9    God:    Gozag
Gold:   578        SH: 10    Dex: 16    Spells: 8/8 levels left

rFire   . . .      SeeInvis .    a - +4 war axe
rCold   . . .      Faith    .    c - +0 buckler
rNeg    . . .      Spirit   .    s - +2 chain mail {Will+}
rPois   .          Reflect  +    (no helmet)
rElec   .          Harm     .    (no cloak)
rCorr   +          Rampage  .    (no gloves)
Will    +....                    k - +0 pair of boots
Stlth   ..........               B - amulet of reflection
HPRegen 0.33/turn                o - +4 ring of evasion
MPRegen 0.11/turn                F - ring of resist corrosion

@: sanguine armoured
A: spiny 2, sanguine armour 2, condensation shield
a: Renounce Religion, Potion Petition, Call Merchant, Bribe Branch


You were on level 8 of the Dungeon.
You worshipped Gozag.
Gozag was pleased with you.
You visited 2 branches of the dungeon, and saw 9 of its levels.
You also visited: Sewer.

You collected 772 gold pieces.
You paid 194 gold pieces to Gozag.

Inventory:

Hand Weapons
 a - a +4 war axe (weapon)
 e - a +1 hand axe of venom
Missiles
 q - 32 poisoned darts (quivered)
 t - 6 datura-tipped darts
Armour
 c - a +0 buckler (worn)
 k - a +0 pair of boots (worn)
 l - a +2 ring mail of positive energy
 s - a +2 chain mail of willpower (worn)
Jewellery
 o - a +4 ring of evasion (left hand)
 B - an amulet of reflection (around neck)
 F - a ring of resist corrosion (right hand)
Wands
 m - a wand of quicksilver (6)
 C - a wand of flame (31)
Scrolls
 g - a scroll of fear {unknown}
 j - a scroll of noise
 n - 2 scrolls of magic mapping
 p - 2 scrolls of immolation
 u - 2 scrolls of amnesia {unknown}
 v - a scroll of poison {unknown}
 y - 2 scrolls of blinking {unknown}
 D - a scroll of butterflies {unknown}
Potions
 d - 5 potions of might
 f - 3 potions of degeneration
 h - 2 potions of mutation
 r - 2 potions of magic {unknown}
 w - 4 potions of curing
 z - a potion of ambrosia {unknown}
 A - a potion of haste {unknown}
 E - 3 potions of attraction {unknown}
 H - a potion of heal wounds {unknown}
Miscellaneous
 x - a piece from Xom's chessboard (15/15)


   Skills:
 - Level 12.1 Fighting
 - Level 1.7 Axes
 + Level 4.6 Armour
 + Level 3.5 Dodging
 + Level 4.6 Shields


You had 8 spell levels left.
You didn't know any spells.
Your spell library contained the following spells:

 Spells                   Type           Power      Damage    Failure   Level
 Kiss of Death            Conj/Necr      0%         2d5       99%         1
 Sandblast                Erth           0%         2d4       99%         1
 Sting                    Tmut/Pois      0%         1d3       99%         1
 Dazzling Flash           Conj/Hex       0%         N/A       100%        3
 Inner Flame              Hex/Fire       0%         N/A       100%        3
 Cause Fear               Hex            0%         N/A       100%        4
 Agony                    Necr           0%         N/A       100%        5
 Silence                  Hex/Air        0%         N/A       100%        5
 Discord                  Hex            0%         N/A       100%        8


Dungeon Overview and Level Annotations

Branches:
Dungeon (8/15)             Temple (1/1) D:7           Sewer (visited)
   Lair: D:8-11

Altars:
Ashenzari
Cheibriados
Dithmenos
Fedhas
Gozag
Hepliaklqana
Kikubaaqudgha
Makhleb
Nemelex Xobeh
Okawaru
Qazlal
Ru
Sif Muna
Uskayaw
Vehumet
Wu Jian
Xom
Yredelemnul

Annotations:
D:8 Erica


Innate Abilities, Weirdness & Mutations

You are mostly covered in sharp spines.
When seriously injured, your blood forms thick armour. (AC +9)
A meltable shield of frost defends you. (SH +0)


Message History

* * * LOW HITPOINT WARNING * * *
You fade into invisibility!
Something hits you but does no damage.
You hear some strange, mumbled words.
A bolt of poison appears from out of thin air!
The bolt of poison misses you.
There is an open door here.
As you read the scroll of teleportation, it crumbles to dust.
You feel strangely unstable.
Your surroundings seem slightly different.
Found 11 gold pieces.
You flicker for a moment.
Found 20 gold pieces.
You flicker back into view.
An orc wizard comes into view. It is wielding a +0 dagger.
The orc wizard shouts!
Something tries to affect you, but you resist.
An orc comes into view. It is wielding a +0 dagger.
An orc priest comes into view. It is wielding a +0 hand axe.
The orc priest shouts!
The orc shouts!
Found 7 stones.
An orc comes into view. It is wielding a +0 short sword.
An orc warrior comes into view. It is wielding a +0 glaive.
You see here 11 gold pieces.
The orc shouts!
The orc wizard mumbles some strange words.
The orc wizard flickers and vanishes!
The orc priest miscasts a cantrip.
You see here 20 gold pieces.
Really read the scroll of immolation?
Okay, then.
You feel better.
The orc priest calls down the wrath of Beogh upon you.
Pain shoots through your body!
* * * LOW HITPOINT WARNING * * *
Something hits you but does no damage.
The orc priest invokes the aid of Beogh against you.
Beogh smites you!
You die...
Your body crumbles into a pile of gold.

#.....# #.....# #.....#
#...... #.....# #......
#....(# #...... #.....#
#...... #####.....#
#...... ..........#
#...... .......$..#
#...... .......@..#
#.....# .......{..#
#.....# .....oo$..#
#...... ..........#
#...... ...oo.....#
#......
..........############'#
....###+#...............
.... #...............
... #...#.............>.


You could see an orc warrior, an orc priest and 2 orcs.

Vanquished Creatures
  2 shadows
  A steam dragon (D:7)
  Menkaure (D:6)
  Duvessa (D:6)
  3 orc warriors
  An ice beast (D:5)
  3 sky beasts
  A black bear (D:5)
  2 ogres (D:5)
  7 kobold brigands
  2 phantoms
  4 necrophages
  2 scorpions (D:5)
  A bullfrog (D:8)
  Dowan (D:6)
  2 gnoll boudas
  2 hounds
  3 iguanas
  Terence (D:2)
  An orc wizard (D:6)
  9 gnolls
  10 adders
  2 white imps (D:6)
  2 ufetubi (D:5)
  5 worms
  2 dart slugs
  22 orcs
  7 ball pythons
  3 bats
  13 endoplasms
  6 giant cockroaches
  13 hobgoblins
  12 jackals
  5 quokkas
  2 frilled lizards
  9 goblins
  22 kobolds
  6 rats
  2 butterflies (D:5)
193 creatures vanquished.

Vanquished Creatures (others)
  An orc (D:7)
  A plant (D:5)
2 creatures vanquished.

Grand Total: 195 creatures vanquished

Notes
Turn   | Place    | Note
-------+----------+-------------------------------------------
     0 | D:1      | p00ps00p the Demonspawn Fighter began the quest for the
                  | Orb.
     0 | D:1      | Reached XP level 1. HP: 18/18 MP: 1/1
    87 | D:1      | Gained mutation: A meltable shield of frost defends you.
                  | (SH +0) [demonic ancestry]
    87 | D:1      | Reached XP level 2. HP: 24/24 MP: 2/2
   201 | D:1      | Reached skill level 4 in Fighting
   462 | D:1      | Gained mutation: When seriously injured, your blood forms
                  | armour. (AC +9) [demonic ancestry]
   462 | D:1      | Reached XP level 3. HP: 30/30 MP: 3/3
   600 | D:1      | Found a snail-covered altar of Cheibriados.
  1008 | D:2      | Reached XP level 4. HP: 38/38 MP: 4/4
  1147 | D:2      | Reached skill level 5 in Fighting
  1391 | D:2      | Noticed Terence
  1403 | D:2      | Killed Terence
  1888 | D:3      | Found a glowing drain.
  1928 | Sewer    | Entered a sewer
  1995 | Sewer    | Noticed a kobold brigand
  2020 | Sewer    | Killed a kobold brigand
  2021 | Sewer    | Reached skill level 6 in Fighting
  2021 | Sewer    | Gained mutation: You are partially covered in sharp spines.
                  | [demonic ancestry]
  2021 | Sewer    | Reached XP level 5. HP: 39/47 MP: 5/5
  2063 | Sewer    | Reached XP level 6. HP: 53/53 MP: 6/6
  2123 | Sewer    | Reached skill level 7 in Fighting
  2546 | Sewer    | Reached skill level 8 in Fighting
  2546 | Sewer    | Reached XP level 7. HP: 54/62 MP: 7/7
  2868 | D:3      | Got Sif Muna's Beginning Course on Spellcraft
  3086 | D:3      | Found a faded altar of an unknown god.
  3377 | D:3      | Found a hide-covered altar of Uskayaw.
  3818 | D:4      | Reached skill level 9 in Fighting
  3819 | D:4      | Found an iron altar of Okawaru.
  4230 | D:5      | Entered Level 5 of the Dungeon
  4344 | D:5      | Found a shimmering altar of Xom.
  4697 | D:5      | Found a sacrificial altar of Ru.
  4834 | D:5      | Gained mutation: When seriously injured, your blood forms
                  | thick armour. (AC +9) [demonic ancestry]
  4834 | D:5      | Reached XP level 8. HP: 69/72 MP: 8/8
  4860 | D:5      | Reached skill level 10 in Fighting
  4984 | D:5      | Reached skill level 11 in Fighting
  5824 | D:6      | Reached skill level 12 in Fighting
  5825 | D:6      | Gained mutation: You are mostly covered in sharp spines.
                  | [demonic ancestry]
  5825 | D:6      | Reached XP level 9. HP: 63/82 MP: 9/9
  6011 | D:6      | Noticed Duvessa
  6014 | D:6      | Noticed Dowan
  6028 | D:6      | Killed Duvessa
  6029 | D:6      | Killed Dowan
  6030 | D:6      | Reached skill level 1 in Dodging
  6157 | D:6      | Noticed Menkaure
  6163 | D:6      | Killed Menkaure
  6717 | D:7      | Found a staircase to the Ecumenical Temple.
  6735 | Temple   | Entered the Ecumenical Temple
  6744 | Temple   | Became a worshipper of Gozag Ym Sagoz the Greedy
  8621 | D:8      | Noticed Erica
  8667 | D:8      | Killed from afar by an orc priest

Illustrated notes

Levels and vault maps discovered:
D:1:      sevenhm_arrival_forest_fort_small_6, layout_loops_ring
D:2:      layout_basic, minmay_misc_feat_chi, uniq_terence
D:3:      layout_basic, mainiacjoe_overflow_alcove_1,
          cheibrodos_sewer_entry_bend,
          hellmonk_ecumenical_altar_pennies_from_heaven
D:4:      layout_gridville, okawaru_altar_gauntlet_db
D:5:      cheibrodos_barr_body, layout_gridville, xom_butterflies,
          nicolae_ru_the_path_less_chosen, nicolae_eternal_life, corexii_shack
D:6:      layout_loops_ring, zin_scriptorium, uniq_menkaure, uniq_duvessa
D:7:      layout_basic, minmay_temple_entry_stoned_glass,
          minmay_misc_feat_columns, dreamdust_wishing_well, nrook_loot_triangle,
          minivault_10, nrook_campfire, minmay_misc_feat_tiny,
          minmay_misc_feat_rugged
D:8:      layout_gridville, uniq_erica
Temple:   nicolae_temple_x_marks_the_god

Skill      XL: |  1  2  3  4  5  6  7  8  9 |
---------------+----------------------------+-----
Fighting       | 4 6 8 9 12 | 12.1
Armour         | 4 |  4.6
Dodging        | 3 |  3.5
Shields        | 4 |  4.6
Axes           | |  1.7

Action                   |  1- 3 |  4- 6 |  7- 9 || total
-------------------------+-------+-------+-------++-------
Melee: War axe           |    94 |   138 |   302 ||   534
Throw: Dart              |       |       |     1 ||     1
  Use: Scroll            |       |       |    17 ||    17
       Potion            |       |       |     5 ||     5
 Stab: Distracted        |       |       |     3 ||     3
Armor: Scale mail        |    54 |     1 |       ||    55
       Ring mail         |       |    25 |    83 ||   108
       Chain mail        |       |       |    12 ||    12
Dodge: Dodged            |    60 |    49 |   144 ||   253
Block: Buckler           |    59 |    63 |   218 ||   340

Table legend: (Time is in decaauts)
 A = Elapsed time spent in this place.
 B = Non-inter-level travel time spent in this place.
 C = Inter-level travel time spent in this place.
 D = Time resting spent in this place.
 E = Time spent auto-exploring this place.
 F = Levels seen in this place.
 G = Mean time per level.
                   A        B        C        D        E       F      G
               +--------+--------+--------+--------+--------+-----+--------+
         Total |   9075 |   8812 |    263 |    573 |   6087 |  10 |  907.5 |
       Dungeon |   7401 |   7146 |    255 |     39 |   5318 |   8 |  925.1 |
        Temple |    563 |    555 |      8 |    488 |     49 |   1 |  563.0 |
         Sewer |   1110 |   1110 |      0 |     46 |    720 |   1 | 1110.0 |
               +--------+--------+--------+--------+--------+-----+--------+

Top non-repeatable levels by time:
     D:5: 1517 daAuts
     D:7: 1278 daAuts
   Sewer: 1110 daAuts
     D:6: 963 daAuts
     D:1: 937 daAuts
     D:2: 873 daAuts
     D:3: 856 daAuts
     D:4: 762 daAuts
  Temple: 563 daAuts
     D:8: 213 daAuts
